[Event "GambitGuide"]
[Site "Internet Chess Club"]
[Date "2014.10.31"]
[Round "1"]
[White "JSBach"]
[Black "diggy10"]
[Result "1-0"]
[ICCResult "Black resigns"]
[WhiteElo "1719"]
[BlackElo "1244"]
[Opening "Vienna: `Frankenstein-Dracula' variation"]
[ECO "C27"]
[NIC "VG.02"]
[Time "17:17:01"]
[TimeControl "120+12"]

1. e4 e5 2. Nc3 Nf6 3. Bc4 Nxe4 4. Qh5 Nd6 5. Bb3 Nc6 6. Nb5 g6 7. Qf3 f5 8.
Qd5 Qe7 9. Nxc7+ Kd8 10. Nxa8 b6 11. d3 Nd4 12. f4 exf4+ 13. Kf1 Bg7 14.
Bxf4 Bb7 15. Bxd6 Bxd5 16. Bxe7+ Kxe7 17. Bxd5 Nxc2 18. Re1+ Kd6 19. Re2 Nd4
20. Bb7 Be5 21. Re1 Rb8 22. Nf3 Nxf3 23. Bxf3 b5 24. b3 a6 25. Nc7 Kxc7 26.
Rxe5 Rb6 27. Kf2 Re6 28. Rc1+ Kd6 29. Rd5+ Ke7 30. Rc7 Rd6 31. Rxd6 Kxd6 32.
Ra7 {Black resigns} 1-0

[Event "GambitGuide"]
[Site "Internet Chess Club"]
[Date "2014.10.31"]
[Round "1"]
[White "JSBach"]
[Black "RichardZ"]
[Result "1-0"]
[ICCResult "Black resigns"]
[WhiteElo "1719"]
[BlackElo "1199"]
[Opening "Vienna: `Frankenstein-Dracula' variation"]
[ECO "C27"]
[NIC "VG.02"]
[Time "17:19:57"]
[TimeControl "120+12"]

1. e4 e5 2. Nc3 Nf6 3. Bc4 Nxe4 4. Qh5 Nd6 5. Bb3 Nc6 6. Nb5 g6 7. Qf3 f5 8.
Qd5 Qe7 9. Nxc7+ Kd8 10. Nxa8 b6 11. d3 Nb4 12. Bg5 Qxg5 13. Qxe5
{Black resigns}
1-0

[Event "GambitGuide"]
[Site "Internet Chess Club"]
[Date "2014.10.31"]
[Round "1"]
[White "JSBach"]
[Black "Agnuti"]
[Result "1-0"]
[ICCResult "Black resigns"]
[WhiteElo "1719"]
[BlackElo "1385"]
[Opening "Vienna: `Frankenstein-Dracula' variation"]
[ECO "C27"]
[NIC "VG.02"]
[Time "17:20:06"]
[TimeControl "120+12"]

1. e4 e5 2. Nc3 Nf6 3. Bc4 Nxe4 4. Qh5 Nd6 5. Bb3 Nc6 6. Nb5 g6 7. Qf3 f5 8.
Qd5 Qe7 9. Nxc7+ Kd8 10. Nxa8 b6 11. d3 Bb7 12. Nxb6 axb6 13. Qf3 Bg7 14.
Be3 Kc7 15. Bd5 e4 16. Qe2 Bxb2 17. Rb1 Bc3+ 18. Kf1 Bd4 19. Bxc6 Bxe3 20.
Bxb7 Bxf2 21. Qxf2 exd3 22. Qxb6+ {Black resigns} 1-0

[Event "GambitGuide"]
[Site "Internet Chess Club"]
[Date "2014.10.31"]
[Round "1"]
[White "JSBach"]
[Black "MOTORHEAD2012"]
[Result "1-0"]
[ICCResult "Black resigns"]
[WhiteElo "1719"]
[BlackElo "1316"]
[Opening "Vienna: `Frankenstein-Dracula' variation"]
[ECO "C27"]
[NIC "VG.02"]
[Time "17:21:11"]
[TimeControl "120+12"]

1. e4 e5 2. Nc3 Nf6 3. Bc4 Nxe4 4. Qh5 Nd6 5. Bb3 Nc6 6. Nb5 g6 7. Qf3 f5 8.
Qd5 Qe7 9. Nxc7+ Kd8 10. Nxa8 b6 11. d3 Bb7 12. Nxb6 axb6 13. Qf3 Nd4 14.
Qg3 Bg7 15. Bg5 Bf6 16. Bxf6 Qxf6 17. Ba4 b5 18. Bb3 Bd5 19. Ne2 Bxb3 20.
Nxd4 exd4 21. axb3 {Black resigns} 1-0

[Event "GambitGuide"]
[Site "Internet Chess Club"]
[Date "2014.10.31"]
[Round "1"]
[White "JSBach"]
[Black "diggy10"]
[Result "1-0"]
[ICCResult "Black resigns"]
[WhiteElo "1719"]
[BlackElo "1244"]
[Opening "Vienna: `Frankenstein-Dracula' variation"]
[ECO "C27"]
[NIC "VG.02"]
[Time "17:20:53"]
[TimeControl "120+12"]

1. e4 e5 2. Nc3 Nf6 3. Bc4 Nxe4 4. Qh5 Nd6 5. Bb3 Nc6 6. Nb5 g6 7. Qf3 f5 8.
Qd5 Qe7 9. Nxc7+ Kd8 10. Nxa8 b6 11. d3 Nd4 12. f4 Bb7 13. Qxe5 Qxe5+ 14.
fxe5 N6b5 15. Bg5+ Be7 16. Bxe7+ Kxe7 17. a4 Nc7 18. Nxc7 {Black resigns}
1-0

[Event "GambitGuide"]
[Site "Internet Chess Club"]
[Date "2014.10.31"]
[Round "1"]
[White "JSBach"]
[Black "RichardZ"]
[Result "1-0"]
[ICCResult "Black resigns"]
[WhiteElo "1719"]
[BlackElo "1199"]
[Opening "Vienna: `Frankenstein-Dracula' variation"]
[ECO "C27"]
[NIC "VG.02"]
[Time "17:21:03"]
[TimeControl "120+12"]

1. e4 e5 2. Nc3 Nf6 3. Bc4 Nxe4 4. Qh5 Nd6 5. Bb3 Nc6 6. Nb5 g6 7. Qf3 f5 8.
Qd5 Qe7 9. Nxc7+ Kd8 10. Nxa8 b6 11. d3 Nb4 12. Bg5 Nxd5 13. Bxe7+ Nxe7 14.
d4 Bb7 15. dxe5 Bxg2 16. exd6 Bxh1 17. dxe7+ Bxe7 18. f3 Bg2 19. Kf2 Bc5+
20. Kxg2 Kc8 21. Re1 Kb7 22. Bd5+ Ka6 23. Nc7+ Ka5 24. c3 {Black resigns}
1-0

[Event "GambitGuide"]
[Site "Internet Chess Club"]
[Date "2014.10.31"]
[Round "1"]
[White "JSBach"]
[Black "MOTORHEAD2012"]
[Result "1-0"]
[ICCResult "Black resigns"]
[WhiteElo "1719"]
[BlackElo "1316"]
[Opening "Vienna: `Frankenstein-Dracula' variation"]
[ECO "C27"]
[NIC "VG.02"]
[Time "17:22:03"]
[TimeControl "120+12"]

1. e4 e5 2. Nc3 Nf6 3. Bc4 Nxe4 4. Qh5 Nd6 5. Bb3 Nc6 6. Nb5 g6 7. Qf3 f5 8.
Qd5 Qe7 9. Nxc7+ Kd8 10. Nxa8 b6 11. d3 Bb7 12. Nxb6 axb6 13. Qf3 Nd4 14.
Qg3 Bg7 15. Bg5 Bf6 16. Bxf6 Qxf6 17. Ba4 Re8 18. c3 Ne6 19. Nf3 Nc5 20. Bc2
e4 21. dxe4 Ndxe4 22. Qb8+ Ke7 23. Qc7 Kf7 24. O-O {Black resigns} 1-0

[Event "GambitGuide"]
[Site "Internet Chess Club"]
[Date "2014.10.31"]
[Round "1"]
[White "JSBach"]
[Black "luckypawns"]
[Result "0-1"]
[ICCResult "White checkmated"]
[WhiteElo "1719"]
[BlackElo "1815"]
[Opening "Vienna: `Frankenstein-Dracula' variation"]
[ECO "C27"]
[NIC "VG.02"]
[Time "17:20:50"]
[TimeControl "120+12"]

1. e4 e5 2. Nc3 Nf6 3. Bc4 Nxe4 4. Qh5 Nd6 5. Bb3 Nc6 6. Nb5 g6 7. Qf3 f5 8.
Qd5 Qe7 9. Nxc7+ Kd8 10. Nxa8 b6 11. d3 Bb7 12. Nxb6 axb6 13. Qf3 Nd4 14.
Qh3 Bg7 15. Be3 h5 16. Rc1 g5 17. Ne2 g4 18. Qg3 f4 19. Nxf4 exf4 20. Qxf4
Bxg2 21. Rf1 Bxf1 22. Kxf1 Qe5 23. Re1 Qxf4 24. Bxf4 Nxb3 25. Bxd6 Nd2+ 26.
Ke2 Nf3 27. Rf1 Re8+ 28. Kd1 Bxb2 29. a4 Bc3 30. Bf4 Re1+ 31. Rxe1 Bxe1 32.
Ke2 Bc3 33. Bd6 Be5 34. Bxe5 Nxe5 35. Ke3 Nf3 36. h3 Ne1 37. hxg4 hxg4 38.
Kf4 Nxc2 39. Kxg4 Ke7 40. f4 Kf6 41. Kh4 Nb4 42. d4 Nc2 43. d5 Nb4 44. Kg4
Nxd5 45. Kf3 Nc3 46. Kg4 Nxa4 47. f5 Nc3 48. Kf3 Nd5 49. Kg4 Ne7 50. Kf4
Nxf5 51. Ke4 Ke6 52. Kf3 d5 53. Kf4 d4 54. Ke4 b5 55. Kd3 b4 56. Kc4 Ke5 57.
Kxb4 Ke4 58. Kc4 Ke3 59. Kb3 Ke2 60. Kc4 d3 61. Kb3 d2 62. Kb4 d1=Q 63. Kc5
Qd4+ 64. Kb5 Nd6+ 65. Kc6 Ke3 66. Kd7 Ke4 67. Ke6 Qe5+ 68. Kd7 Kd5 69. Kc7
Nb5+ 70. Kb6 Nd6 71. Ka5 Kc5 72. Ka4 Qb2 73. Ka5 Qb5# {White checkmated} 0-1

[Event "GambitGuide"]
[Site "Internet Chess Club"]
[Date "2014.10.31"]
[Round "1"]
[White "JSBach"]
[Black "fishhead"]
[Result "1-0"]
[ICCResult "Black resigns"]
[WhiteElo "1718"]
[BlackElo "1597"]
[Opening "Vienna: `Frankenstein-Dracula' variation"]
[ECO "C27"]
[NIC "VG.02"]
[Time "17:23:15"]
[TimeControl "120+12"]

1. e4 e5 2. Nc3 Nf6 3. Bc4 Nxe4 4. Qh5 Nd6 5. Bb3 Nc6 6. Nb5 g6 7. Qf3 f5 8.
Qd5 Qe7 9. Nxc7+ Kd8 10. Nxa8 b6 11. d3 e4 12. dxe4 Nxe4 13. Be3 Bb7 14.
Nxb6 axb6 15. Bxb6+ Kc8 16. Be3 Bg7 17. c3 Nd4 18. Qc4+ Nc6 19. Rd1 Kb8 20.
Qd3 Ne5 21. Qb5 d5 22. Bxd5 {Black resigns} 1-0

[Event "GambitGuide"]
[Site "Internet Chess Club"]
[Date "2014.10.31"]
[Round "1"]
[White "JSBach"]
[Black "diggy10"]
[Result "1-0"]
[ICCResult "Black resigns"]
[WhiteElo "1718"]
[BlackElo "1244"]
[Opening "Vienna: `Frankenstein-Dracula' variation"]
[ECO "C27"]
[NIC "VG.02"]
[Time "17:22:30"]
[TimeControl "120+12"]

1. e4 e5 2. Nc3 Nf6 3. Bc4 Nxe4 4. Qh5 Nd6 5. Bb3 Nc6 6. Nb5 g6 7. Qf3 f5 8.
Qd5 Qe7 9. Nxc7+ Kd8 10. Nxa8 b6 11. d3 Nd4 12. f4 Bb7 13. Qxe5 Qxe5+ 14.
fxe5 Nc8 15. Bg5+ Ne7 16. Bf6 Bxa8 17. Kf2 Nxb3 18. axb3 Rg8 19. Rxa7 Bc6
20. Nf3 Kc8 21. e6 d6 22. Bxe7 Bxe7 23. Rxe7 {Black resigns} 1-0

[Event "GambitGuide"]
[Site "Internet Chess Club"]
[Date "2014.10.31"]
[Round "1"]
[White "JSBach"]
[Black "luckypawns"]
[Result "0-1"]
[ICCResult "White checkmated"]
[WhiteElo "1718"]
[BlackElo "1815"]
[Opening "Vienna: `Frankenstein-Dracula' variation"]
[ECO "C27"]
[NIC "VG.02"]
[Time "17:23:20"]
[TimeControl "120+12"]

1. e4 e5 2. Nc3 Nf6 3. Bc4 Nxe4 4. Qh5 Nd6 5. Bb3 Nc6 6. Nb5 g6 7. Qf3 f5 8.
Qd5 Qe7 9. Nxc7+ Kd8 10. Nxa8 b6 11. d3 Bb7 12. Nxb6 axb6 13. Qf3 Nd4 14.
Qg3 Bg7 15. Bg5 Bf6 16. Bxf6 Qxf6 17. Ba4 b5 18. Bb3 h5 19. c3 g5 20. cxd4
f4 21. Qh3 g4 22. Rc1 gxh3 23. Nxh3 Bxg2 24. Rg1 Bxh3 25. d5 Re8 26. a4 e4
27. d4 Qxd4 28. Rc3 Bg4 29. a5 e3 30. fxe3 Rxe3+ 31. Kf1 Rxc3 32. Rxg4 hxg4
33. bxc3 Qxc3 34. Bd1 g3 35. hxg3 fxg3 36. Bh5 Qe3 37. Kg2 Qf2+ 38. Kh3 Nf5
39. Bg6 Ne3 40. Kh4 g2+ 41. Kh5 g1=Q 42. Kh6 Qh4+ 43. Kg7 Qhg5 44. a6 Qxg6+
45. Kf8 Qf2# {White checkmated} 0-1

[Event "GambitGuide"]
[Site "Internet Chess Club"]
[Date "2014.10.31"]
[Round "1"]
[White "JSBach"]
[Black "nsideurheadbro"]
[Result "1-0"]
[ICCResult "Black resigns"]
[WhiteElo "1718"]
[BlackElo "1184"]
[Opening "Vienna: `Frankenstein-Dracula' variation"]
[ECO "C27"]
[NIC "VG.02"]
[Time "17:19:57"]
[TimeControl "120+12"]

1. e4 e5 2. Nc3 Nf6 3. Bc4 Nxe4 4. Qh5 Nd6 5. Bb3 Nc6 6. Nb5 g6 7. Qf3 f5 8.
Qd5 Qe7 9. Nxc7+ Kd8 10. Nxa8 b6 11. d3 Bb7 12. Nxb6 axb6 13. Qf3 Nd4 14.
Qg3 f4 15. Qh3 g5 16. Ba4 h5 17. f3 b5 18. Bb3 N4f5 19. Bd2 Bg7 20. O-O-O g4
21. fxg4 hxg4 22. Qxg4 Rh4 23. Qg6 Rh6 24. Ba5+ Kc8 25. Qg4 Nh4 26. Nf3 Rg6
27. Qxh4 Bf6 28. Qh3 e4 29. dxe4 Bxe4 30. Rhe1 Qg7 31. Bd5 Bxb2+ 32. Kb1 Ba1
33. Bc3 Bxc3 34. Bxe4 Ba1 35. Rd4 Bxd4 36. Bxg6 Ba1 37. c3 Qxc3 38. Rc1
{Black resigns}
1-0

[Event "GambitGuide"]
[Site "Internet Chess Club"]
[Date "2014.10.31"]
[Round "1"]
[White "JSBach"]
[Black "Agnuti"]
[Result "1-0"]
[ICCResult "Black resigns"]
[WhiteElo "1718"]
[BlackElo "1385"]
[Opening "Vienna: `Frankenstein-Dracula' variation"]
[ECO "C27"]
[NIC "VG.02"]
[Time "17:21:52"]
[TimeControl "120+12"]

1. e4 e5 2. Nc3 Nf6 3. Bc4 Nxe4 4. Qh5 Nd6 5. Bb3 Nc6 6. Nb5 g6 7. Qf3 f5 8.
Qd5 Qe7 9. Nxc7+ Kd8 10. Nxa8 b6 11. d3 Nb4 12. Bg5 Nxd5 13. Bxe7+ Nxe7 14.
d4 e4 15. c4 Bb7 16. c5 Ndc8 17. cxb6 axb6 18. Nxb6 Nxb6 19. Rc1 Ned5 20. a3
Bc6 21. Bc2 Bd6 22. b4 Bf4 23. Ra1 Na4 24. Ne2 Bg5 25. h4 Bh6 26. O-O e3 27.
Rfe1 exf2+ 28. Kxf2 Be3+ 29. Kf1 Re8 30. Rad1 Bb5 31. Bd3 Bxd3 32. Rxd3 f4
33. b5 Rf8 34. Rb3 f3 35. gxf3 Rxf3+ 36. Kg2 Rf2+ 37. Kg3 Nf6 38. Rxe3
{Black resigns}
1-0

[Event "GambitGuide"]
[Site "Internet Chess Club"]
[Date "2014.10.31"]
[Round "1"]
[White "JSBach"]
[Black "diggy10"]
[Result "1-0"]
[ICCResult "Black resigns"]
[WhiteElo "1718"]
[BlackElo "1244"]
[Opening "Vienna: `Frankenstein-Dracula' variation"]
[ECO "C27"]
[NIC "VG.02"]
[Time "17:24:13"]
[TimeControl "120+12"]

1. e4 e5 2. Nc3 Nf6 3. Bc4 Nxe4 4. Qh5 Nd6 5. Bb3 Nc6 6. Nb5 g6 7. Qf3 f5 8.
Qd5 Qe7 9. Nxc7+ Kd8 10. Nxa8 b6 11. d3 Qf6 12. Nf3 Bb7 13. Bg5 {Black
resigns} 1-0

[Event "GambitGuide"]
[Site "Internet Chess Club"]
[Date "2014.10.31"]
[Round "1"]
[White "JSBach"]
[Black "RichardZ"]
[Result "1-0"]
[ICCResult "Black checkmated"]
[WhiteElo "1718"]
[BlackElo "1199"]
[Opening "Vienna: `Frankenstein-Dracula' variation"]
[ECO "C27"]
[NIC "VG.02"]
[Time "17:22:40"]
[TimeControl "120+12"]

1. e4 e5 2. Nc3 Nf6 3. Bc4 Nxe4 4. Qh5 Nd6 5. Bb3 Nc6 6. Nb5 g6 7. Qf3 f5 8.
Qd5 Qe7 9. Nxc7+ Kd8 10. Nxa8 b6 11. d3 f4 12. Ba4 Nb4 13. Qb3 Bb7 14. Qxb4
Bxg2 15. Nxb6 Bxh1 16. Nxd7 Bb7 17. Qa5+ Kc8 18. Qxa7 Kc7 19. Qb8#
{Black checkmated}
1-0

[Event "GambitGuide"]
[Site "Internet Chess Club"]
[Date "2014.10.31"]
[Round "1"]
[White "JSBach"]
[Black "DOXDURAN"]
[Result "1-0"]
[ICCResult "Black resigns"]
[WhiteElo "1732"]
[BlackElo "1579"]
[Opening "Vienna: `Frankenstein-Dracula' variation"]
[ECO "C27"]
[NIC "VG.02"]
[Time "17:19:50"]
[TimeControl "120+12"]

1. e4 e5 2. Nc3 Nf6 3. Bc4 Nxe4 4. Qh5 Nd6 5. Bb3 Nc6 6. Nb5 g6 7. Qf3 f5 8.
Qd5 Qe7 9. Nxc7+ Kd8 10. Nxa8 b6 11. d3 Bb7 12. Nxb6 axb6 13. Qf3 Nd4 14.
Qh3 g5 15. Be3 g4 16. Qh5 Bg7 17. Bg5 Bf6 18. Bxf6 Qxf6 19. Kf1 e4 20. dxe4
Nxe4 21. Rd1 Ba6+ 22. Ke1 Qe5 23. Qh4+ Kc7 24. f4 gxf3 25. Nxf3 Nxf3+ 26.
gxf3 Nc3+ 27. Kd2 Nxd1 28. Rxd1 Re8 29. Kc1 Qe3+ 30. Kb1 Be2 31. Re1 Qd2 32.
Bc4 Bxc4 33. Qxc4+ Kd8 34. Rxe8+ Kxe8 35. Qg8+ Ke7 36. Qxh7+ Kd6 37. Qg6+
Kc7 38. Qg1 Qf4 39. Qg3 Qxg3 40. hxg3 Kd6 41. g4 Ke5 42. g5 f4 43. a4 Kf5
44. b4 Kxg5 45. a5 Kh4 46. axb6 {Black resigns} 1-0

[Event "GambitGuide"]
[Site "Internet Chess Club"]
[Date "2014.10.31"]
[Round "1"]
[White "JSBach"]
[Black "smyslovVchess"]
[Result "1-0"]
[ICCResult "Black resigns"]
[WhiteElo "1732"]
[BlackElo "1606"]
[Opening "Vienna: `Frankenstein-Dracula' variation"]
[ECO "C27"]
[NIC "VG.02"]
[Time "17:23:17"]
[TimeControl "120+12"]

1. e4 e5 2. Nc3 Nf6 3. Bc4 Nxe4 4. Qh5 Nd6 5. Bb3 Nc6 6. Nb5 g6 7. Qf3 f5 8.
Qd5 Qe7 9. Nxc7+ Kd8 10. Nxa8 b6 11. d3 Bb7 12. Nxb6 axb6 13. Qf3 Nd4 14.
Qh3 Bg7 15. Be3 Ne6 16. Bxb6+ Ke8 17. Qg3 e4 18. Bxe6 Qxe6 19. d4 Kf7 20.
Bc5 Ne8 21. b3 h6 22. Ne2 g5 23. Qb8 Nf6 24. Qxb7 Nd5 25. c4 Ne7 26. Bxe7
Kxe7 27. O-O f4 28. d5 Qf5 29. Rae1 Kf7 30. c5 Re8 31. c6 f3 32. Qxd7+
{Black resigns}
1-0

[Event "GambitGuide"]
[Site "Internet Chess Club"]
[Date "2014.10.31"]
[Round "1"]
[White "JSBach"]
[Black "luckypawns"]
[Result "0-1"]
[ICCResult "White checkmated"]
[WhiteElo "1748"]
[BlackElo "1815"]
[Opening "Vienna: `Frankenstein-Dracula' variation"]
[ECO "C27"]
[NIC "VG.02"]
[Time "17:24:39"]
[TimeControl "120+12"]

1. e4 e5 2. Nc3 Nf6 3. Bc4 Nxe4 4. Qh5 Nd6 5. Bb3 Nc6 6. Nb5 g6 7. Qf3 f5 8.
Qd5 Qe7 9. Nxc7+ Kd8 10. Nxa8 b6 11. d3 Bb7 12. Nxb6 axb6 13. Qf3 Nd4 14.
Qg3 Bg7 15. Bg5 Bf6 16. Bxf6 Qxf6 17. Ba4 b5 18. Bb3 h5 19. Qh3 g5 20. c3 f4
21. cxd4 g4 22. Rc1 gxh3 23. Nxh3 Bxg2 24. Rf1 Bxh3 25. Rg1 Re8 26. d5 e4
27. d4 Qxd4 28. Rc3 Bg4 29. Kf1 e3 30. fxe3 fxe3 31. Rg2 e2+ 32. Ke1 Ne4 33.
Rd3 Qxb2 34. Rxg4 hxg4 35. Bc2 Qxc2 36. Rd4 g3 37. hxg3 Nxg3 38. a4 Qc1+ 39.
Kf2 e1=Q+ 40. Kg2 Qg1+ 41. Kh3 Nf5 42. Rg4 Rh8+ 43. Rh4 Rxh4# {White
checkmated} 0-1

[Event "GambitGuide"]
[Site "Internet Chess Club"]
[Date "2014.10.31"]
[Round "1"]
[White "JSBach"]
[Black "gawz"]
[Result "1-0"]
[ICCResult "Black resigns"]
[WhiteElo "1748"]
[BlackElo "1423"]
[Opening "Vienna: `Frankenstein-Dracula' variation"]
[ECO "C27"]
[NIC "VG.02"]
[Time "17:25:18"]
[TimeControl "120+12"]

1. e4 e5 2. Nc3 Nf6 3. Bc4 Nxe4 4. Qh5 Nd6 5. Bb3 Nc6 6. Nb5 g6 7. Qf3 f5 8.
Qd5 Qe7 9. Nxc7+ Kd8 10. Nxa8 b6 11. d3 Bb7 12. Nxb6 axb6 13. Qf3 Bg7 14.
Be3 Kc7 15. Bd5 e4 16. Qf4 h5 17. dxe4 Bh6 18. Qg3 Bxe3 19. fxe3 fxe4 20.
Bxc6 Bxc6 21. Qxg6 Rg8 22. Qxg8 Nf5 23. Kf2 Qb4 24. Qb3 Qd2+ 25. Ne2 Qxe3+
26. Qxe3 Nxe3 27. Kxe3 {Black resigns} 1-0

[Event "GambitGuide"]
[Site "Internet Chess Club"]
[Date "2014.10.31"]
[Round "1"]
[White "JSBach"]
[Black "Submundo"]
[Result "1-0"]
[ICCResult "Black resigns"]
[WhiteElo "1748"]
[BlackElo "1557"]
[Opening "Vienna: `Frankenstein-Dracula' variation"]
[ECO "C27"]
[NIC "VG.02"]
[Time "17:23:31"]
[TimeControl "120+12"]

1. e4 e5 2. Nc3 Nf6 3. Bc4 Nxe4 4. Qh5 Nd6 5. Bb3 Nc6 6. Nb5 g6 7. Qf3 f5 8.
Qd5 Qe7 9. Nxc7+ Kd8 10. Nxa8 b6 11. d3 Nd4 12. f4 Bb7 13. Qxe5 Bxg2 14. Be3
Bg7 15. Qxe7+ Kxe7 16. Nxb6 axb6 17. Bxd4 Bxd4 18. Ne2 Bxb2 19. Rb1 Bxh1 20.
Kd2 Bc6 21. Rxb2 Re8 22. Nd4 Nc8 23. Bc4 Kd6 24. c3 h6 25. Bf7 Re7 26. Bxg6
Rh7 27. Bxh7 {Black resigns} 1-0

[Event "GambitGuide"]
[Site "Internet Chess Club"]
[Date "2014.10.31"]
[Round "1"]
[White "JSBach"]
[Black "Agnuti"]
[Result "1-0"]
[ICCResult "Black resigns"]
[WhiteElo "1748"]
[BlackElo "1385"]
[Opening "Vienna: `Frankenstein-Dracula' variation"]
[ECO "C27"]
[NIC "VG.02"]
[Time "17:25:28"]
[TimeControl "120+12"]

1. e4 e5 2. Nc3 Nf6 3. Bc4 Nxe4 4. Qh5 Nd6 5. Bb3 Nc6 6. Nb5 g6 7. Qf3 f5 8.
Qd5 Qe7 9. Nxc7+ Kd8 10. Nxa8 b6 11. d3 e4 12. dxe4 Nxe4 13. Be3 Nb4 14. Qc4
Nc6 15. Rd1 Bb7 16. Nxb6 axb6 17. Bxb6+ Ke8 18. Qf7+ Qxf7 19. Bxf7+ Kxf7 20.
Rxd7+ Kf6 21. Rxb7 Bb4+ 22. c3 Ba5 23. Rc7 Nxc3 24. Rxc6+ {Black resigns}
1-0

[Event "GambitGuide"]
[Site "Internet Chess Club"]
[Date "2014.10.31"]
[Round "1"]
[White "JSBach"]
[Black "luckypawns"]
[Result "0-1"]
[ICCResult "White checkmated"]
[WhiteElo "1748"]
[BlackElo "1815"]
[Opening "Vienna: `Frankenstein-Dracula' variation"]
[ECO "C27"]
[NIC "VG.02"]
[Time "17:26:19"]
[TimeControl "120+12"]

1. e4 e5 2. Nc3 Nf6 3. Bc4 Nxe4 4. Qh5 Nd6 5. Bb3 Nc6 6. Nb5 g6 7. Qf3 f5 8.
Qd5 Qe7 9. Nxc7+ Kd8 10. Nxa8 b6 11. d3 Bb7 12. Nxb6 axb6 13. Qf3 Nd4 14.
Qg3 Bg7 15. Bg5 Bf6 16. Bxf6 Qxf6 17. Ba4 b5 18. Bb3 h5 19. c3 g5 20. cxd4
f4 21. Qh3 g4 22. Rc1 gxh3 23. Nxh3 Bxg2 24. Rg1 Bxh3 25. d5 Re8 26. a4 Bf5
27. axb5 Nxb5 28. Bc4 Nd4 29. Rg2 e4 30. Kd2 Nf3+ 31. Kc2 exd3+ 32. Kb3 d2
33. Rd1 Re1 34. Rg8+ Ke7 35. Be2 Nd4+ 36. Kc3 Nxe2+ 37. Kxd2 Rxd1+ 38. Kxd1
Qxb2 39. Ke1 Kf7 40. Rc8 Nd4 41. Kf1 Bh3+ 42. Kg1 Nf3+ 43. Kh1 Qb1+ 44. Rc1
Qxc1# {White checkmated} 0-1

[Event "GambitGuide"]
[Site "Internet Chess Club"]
[Date "2014.10.31"]
[Round "1"]
[White "JSBach"]
[Black "DOXDURAN"]
[Result "1-0"]
[ICCResult "Black resigns"]
[WhiteElo "1748"]
[BlackElo "1579"]
[Opening "Vienna: `Frankenstein-Dracula' variation"]
[ECO "C27"]
[NIC "VG.02"]
[Time "17:26:25"]
[TimeControl "120+12"]

1. e4 e5 2. Nc3 Nf6 3. Bc4 Nxe4 4. Qh5 Nd6 5. Bb3 Nc6 6. Nb5 g6 7. Qf3 f5 8.
Qd5 Qe7 9. Nxc7+ Kd8 10. Nxa8 b6 11. d3 Bb7 12. Nxb6 axb6 13. Qf3 g5 14. Qe3
Nc8 15. Qxg5 Qxg5 16. Bxg5+ Be7 17. Bxe7+ Kxe7 18. Bd5 Nd4 19. c3 Nc2+ 20.
Kd2 Nxa1 21. Bxb7 Nd6 22. Bd5 e4 23. Nh3 exd3 24. Rxa1 Ne4+ 25. Kxd3
{Black resigns}
1-0

[Event "GambitGuide"]
[Site "Internet Chess Club"]
[Date "2014.10.31"]
[Round "1"]
[White "JSBach"]
[Black "luckypawns"]
[Result "0-1"]
[ICCResult "White checkmated"]
[WhiteElo "1748"]
[BlackElo "1815"]
[Opening "Vienna: `Frankenstein-Dracula' variation"]
[ECO "C27"]
[NIC "VG.02"]
[Time "17:27:38"]
[TimeControl "120+12"]

1. e4 e5 2. Nc3 Nf6 3. Bc4 Nxe4 4. Qh5 Nd6 5. Bb3 Nc6 6. Nb5 g6 7. Qf3 f5 8.
Qd5 Qe7 9. Nxc7+ Kd8 10. Nxa8 b6 11. d3 Bb7 12. Nxb6 axb6 13. Qf3 Nd4 14.
Qg3 Bg7 15. Bg5 Bf6 16. Bxf6 Qxf6 17. Ba4 b5 18. Bb3 h5 19. Qh3 g5 20. c3 f4
21. cxd4 g4 22. Rc1 gxh3 23. Nxh3 Bxg2 24. Rf1 Bxh3 25. Rg1 Re8 26. d5 Bf5
27. Ke2 e4 28. dxe4 Nxe4 29. Kf3 Bg4+ 30. Rxg4 hxg4+ 31. Kg2 f3+ 32. Kg1 Qd4
33. Rf1 Nd2 34. Rc1 Re2 35. Kh1 Qxf2 36. Rc8+ Kxc8 37. Bc2 Qxh2#
{White checkmated}
0-1

[Event "GambitGuide"]
[Site "Internet Chess Club"]
[Date "2014.10.31"]
[Round "1"]
[White "JSBach"]
[Black "Submundo"]
[Result "1-0"]
[ICCResult "Black resigns"]
[WhiteElo "1748"]
[BlackElo "1557"]
[Opening "Vienna: `Frankenstein-Dracula' variation"]
[ECO "C27"]
[NIC "VG.02"]
[Time "17:27:43"]
[TimeControl "120+12"]

1. e4 e5 2. Nc3 Nf6 3. Bc4 Nxe4 4. Qh5 Nd6 5. Bb3 Nc6 6. Nb5 g6 7. Qf3 f5 8.
Qd5 Qe7 9. Nxc7+ Kd8 10. Nxa8 b6 11. d3 Nd4 12. h4 h6 13. f4 Bb7 14. Qxe5
Bxa8 15. Kf2 a5 16. Qxd4 {Black resigns} 1-0

[Event "GambitGuide"]
[Site "Internet Chess Club"]
[Date "2014.10.31"]
[Round "1"]
[White "JSBach"]
[Black "Heian"]
[Result "0-1"]
[ICCResult "White checkmated"]
[WhiteElo "1748"]
[BlackElo "1548"]
[Opening "Vienna: `Frankenstein-Dracula' variation"]
[ECO "C27"]
[NIC "VG.02"]
[Time "17:26:20"]
[TimeControl "120+12"]

1. e4 e5 2. Nc3 Nf6 3. Bc4 Nxe4 4. Qh5 Nd6 5. Bb3 Nc6 6. Nb5 g6 7. Qf3 f5 8.
Qd5 Qe7 9. Nxc7+ Kd8 10. Nxa8 b6 11. d3 Bb7 12. Nxb6 axb6 13. Qf3 Kc7 14.
Be3 Nd4 15. Qh3 f4 16. Bxd4 exd4+ 17. Ne2 g5 18. Kf1 Qf6 19. Ng1 h5 20. Nf3
Be7 21. c4 Nf7 22. c5 bxc5 23. Bxf7 Qxf7 24. Ne5 Qd5 25. Re1 g4 26. Nxg4
hxg4 27. Qxg4 Bd6 28. Qg6 Rg8 29. Qe4 Qg5 30. h4 Qg4 31. Rh2 Bxe4 32. dxe4
f3 33. g3 Re8 34. h5 Rxe4 35. Rd1 Re2 36. h6 Be5 37. Rc1 d6 38. b4 Kc6 39.
h7 Bh8 40. Rh6 Qg5 41. Rxc5+ Qxc5 42. bxc5 Kxc5 43. a4 d3 44. Rh5+ d5 45.
Re5 d2 46. Rxe2 d1=Q+ 47. Re1 Qd3+ 48. Kg1 Qxh7 49. a5 Qh3 50. Rc1+ Kd6 51.
Rc6+ Kxc6 52. g4 Qg2# {White checkmated} 0-1

[Event "GambitGuide"]
[Site "Internet Chess Club"]
[Date "2014.10.31"]
[Round "1"]
[White "JSBach"]
[Black "luckypawns"]
[Result "1-0"]
[ICCResult "Black checkmated"]
[WhiteElo "1748"]
[BlackElo "1815"]
[Opening "Vienna: `Frankenstein-Dracula' variation"]
[ECO "C27"]
[NIC "VG.02"]
[Time "17:28:32"]
[TimeControl "120+12"]

1. e4 e5 2. Nc3 Nf6 3. Bc4 Nxe4 4. Qh5 Nd6 5. Bb3 Nc6 6. Nb5 g6 7. Qf3 f5 8.
Qd5 Qe7 9. Nxc7+ Kd8 10. Nxa8 b6 11. d3 Bb7 12. Nxb6 axb6 13. Qf3 Nd4 14.
Qg3 Bg7 15. Bg5 Bf6 16. Bxf6 Qxf6 17. Ba4 h5 18. Qh3 g5 19. c3 f4 20. Qxd7#
{Black checkmated}
1-0

[Event "GambitGuide"]
[Site "Internet Chess Club"]
[Date "2014.10.31"]
[Round "1"]
[White "JSBach"]
[Black "smyslovVchess"]
[Result "1-0"]
[ICCResult "Black resigns"]
[WhiteElo "1748"]
[BlackElo "1606"]
[Opening "Vienna: `Frankenstein-Dracula' variation"]
[ECO "C27"]
[NIC "VG.02"]
[Time "17:26:56"]
[TimeControl "120+12"]

1. e4 e5 2. Nc3 Nf6 3. Bc4 Nxe4 4. Qh5 Nd6 5. Bb3 Nc6 6. Nb5 g6 7. Qf3 f5 8.
Qd5 Qe7 9. Nxc7+ Kd8 10. Nxa8 b6 11. d3 Bg7 12. Nh3 h6 13. Ba4 Bb7 14. Nxb6
axb6 15. Qb3 Kc7 16. Be3 Nd4 17. Qc3+ Kd8 18. Qb4 Nc8 19. Qxe7+ Kxe7 20.
Bxd4 exd4 21. Nf4 Kf6 22. Bxd7 Nd6 23. Rd1 Rd8 24. Ba4 b5 25. Bb3 Re8+ 26.
Kd2 Re7 27. Nd5+ Bxd5 28. Bxd5 g5 29. Rhe1 Rxe1 30. Rxe1 {Black resigns} 1-0